 Dungeon Crawl Stone Soup version 0.29.0-4-gdea44cf6ec (webtiles) character file.

Game seed: 16986252515714000345

1327 hotaction the Cleaver (level 8, -4/68 HPs)
             Began as a Minotaur Fighter on Aug 27, 2022.
             Slain by a sky beast (5 damage)
             ... on level 5 of the Dungeon.
             The game lasted 00:29:25 (4385 turns).

hotaction the Cleaver (Minotaur Fighter)            Turns: 4385, Time: 00:29:25

Health: -4/68      AC: 17    Str: 23    XL:     8   Next: 34%
Magic:  7/7        EV:  6    Int:  5    God:
Gold:   249        SH:  4    Dex: 10    Spells: 7/7 levels left

rFire   + . .      SeeInvis .   a - +0 war axe (spect)
rCold   x . .      Faith    .   c - +0 buckler
rNeg    . . .      Spirit   .   i - +0 plate armour
rPois   .          Reflect  .   (helmet restricted)
rElec   .          Harm     .   (no cloak)
rCorr   .          Rampage  .   t - +2 pair of gloves
Will    .....                   e - +0 pair of boots
Stlth   ..........              (no amulet)
HPRegen 0.21/turn               j - ring of fire
MPRegen 0.10/turn               (no ring)

@: no status effects
A: horns 2, retaliatory headbutt
a: no special abilities


You were on level 5 of the Dungeon.
You visited 1 branch of the dungeon, and saw 6 of its levels.

You collected 249 gold pieces.

Inventory:

Hand Weapons
 a - a +0 spectral war axe (weapon)
Armour
 b - a +0 scale mail
 c - a +0 buckler (worn)
 e - a +0 pair of boots (worn)
 f - a +0 leather armour
 i - a +0 plate armour (worn)
 m - a +0 helmet
 t - a +2 pair of gloves (worn)
Magical Staves
 g - a staff of death
Jewellery
 j - a ring of fire (left hand)
 p - a +6 ring of intelligence
Wands
 s - a wand of paralysis (5)
Scrolls
 k - 7 scrolls of identify
 q - 3 scrolls of immolation
 u - a scroll of fear
 v - a scroll of teleportation
Potions
 d - 2 potions of might
 h - a potion of degeneration {unknown}
 l - a potion of attraction {unknown}
 n - a potion of heal wounds {unknown}
 o - a potion of curing {unknown}
 r - a potion of berserk rage {unknown}


   Skills:
 + Level 5.3 Fighting
 + Level 9.7 Axes
 + Level 6.8 Armour
 + Level 0.4 Dodging
 + Level 0.3 Stealth
 + Level 4.9 Shields


You had 7 spell levels left.
You didn't know any spells.
Your spell library contained the following spells:

 Spells                   Type           Power      Damage    Failure   Level
 Sandblast                Erth           0%         2d4       100%        1
 Passwall                 Tmut/Erth      0%         N/A       100%        2
 Frozen Ramparts          Ice            0%         1d1       100%        3
 Stone Arrow              Conj/Erth      0%         3d7       100%        3
 Ice Form                 Ice/Tmut       0%         N/A       100%        4
 Summon Ice Beast         Ice/Summ       0%         N/A       100%        4
 Summon Forest            Summ/Tloc      0%         N/A       100%        5
 Eringya's Noxious Bog    Tmut/Pois      0%         N/A       100%        6
 Summon Hydra             Summ           0%         N/A       100%        7


Dungeon Overview and Level Annotations

Branches:
Dungeon (6/15)             Temple (0/1) D:4

Altars:
Kikubaaqudgha
Okawaru
Wu Jian
Zin

Shops:
D:2 ?   D:4 *


Innate Abilities, Weirdness & Mutations

You have a pair of horns on your head.
You reflexively headbutt those who attack you in melee.


Message History

The two-headed ogre is moderately wounded.
Your +0 spectral war axe hits the two-headed ogre!
The two-headed ogre hits you but does no damage.
The two-headed ogre hits you with a +0 giant club!!
The two-headed ogre attacks as you move away!
The two-headed ogre hits you but does no damage.
The two-headed ogre hits you with a +0 giant club!
* * * LOW HITPOINT WARNING * * *
Found a tapered lead wand.
Found an ancient bone altar of Kikubaaqudgha.
A sky beast comes into view.
Found 13 gold pieces.
Found a stone staircase leading up.
The sky beast hits you but does no damage.
The sky beast attacks as you move away! The sky beast barely misses you.
The sky beast attacks as you move away!
The sky beast hits you but does no damage.
The sky beast attacks as you move away! The sky beast barely misses you.
You furiously retaliate!
You headbutt the sky beast!
The sky beast flickers out of sight!
Deactivating autopickup; reactivate with Ctrl-A.
There is a stone staircase leading up here.
Something hits you.
* * * LOW HITPOINT WARNING * * *
Something shocks you.
* * * LOW HITPOINT WARNING * * *
You climb upwards.
Reactivating autopickup.
There is a stone staircase leading down here.
You start resting.
Something hits you.
* * * LOW HITPOINT WARNING * * *
Something shocks you.
* * * LOW HITPOINT WARNING * * *
Deactivating autopickup; reactivate with Ctrl-A.
Unknown command.
You barely miss something. Something hits you but does no damage.
You miss something. Something hits you but does no damage.
You slash something! Something hits you.
* * * LOW HITPOINT WARNING * * *
Something shocks you.
You die...

#...# #..##.###.##.#.. #.###
#..##.....##.### #.#
#..........).# #.#
#.###)#.######## #.#
#.#...)......... #.#
#.#............. #.#
#.###.#.......>. #.#
#.########.# #.##########
#.# #.....{@..###.#####.....
#.#
.#.#######................
#.# #.#
#......########.#####.
#.######.###.#############.#
#. .........##...##
#.........# #.
########.#....<###.#######.#
#. ########........##.#
#.#####.
)...............##.#
#.......
########........##.#
####....


There were no monsters in sight!

Vanquished Creatures
  Grinder (D:3)
  A water moccasin (D:5)
  A black bear (D:6)
  3 ogres
  2 scorpions (D:5)
  An electric eel (D:6)
  3 jellies (D:5)
  3 hounds
  Jessica (D:3)
  2 orc wizards (D:6)
  2 iguanas
  7 gnolls
  6 adders
  An ufetubus (D:5)
  3 worms
  6 dart slugs
  10 orcs
  5 ball pythons
  6 endoplasms
  A giant cockroach (D:3)
  7 goblins
  4 hobgoblins
  13 jackals
  2 kobolds (D:3)
  3 quokkas (D:4)
  5 frilled lizards
  2 rats (D:3)
101 creatures vanquished.

Vanquished Creatures (others)
  A withered plant (D:6)
1 creature vanquished.

Grand Total: 102 creatures vanquished

Notes
Turn   | Place    | Note
-------+----------+-------------------------------------------
     0 | D:1      | hotaction the Minotaur Fighter began the quest for the Orb.
     0 | D:1      | Reached XP level 1. HP: 19/19 MP: 0/0
   353 | D:1      | Reached skill level 3 in Axes
   423 | D:1      | Reached XP level 2. HP: 27/27 MP: 1/1
   480 | D:1      | Found a faded altar of an unknown god.
  1114 | D:2      | Reached XP level 3. HP: 20/33 MP: 2/2
  1289 | D:2      | Found Xoolif's Magic Scroll Shoppe.
  1535 | D:2      | Found Ysigoew's Armour Boutique.
  1956 | D:3      | Noticed Grinder
  1956 | D:3      | Paralysed by Grinder for 3 turns
  1982 | D:3      | Killed Grinder
  1983 | D:3      | Reached skill level 5 in Axes
  1983 | D:3      | Reached XP level 4. HP: 12/41 MP: 3/3
  1983 | D:3      | Reached XP level 5. HP: 14/47 MP: 4/4
  2311 | D:3      | Noticed Jessica
  2325 | D:3      | Killed Jessica
  2326 | D:3      | Reached skill level 5 in Armour
  2326 | D:3      | Reached XP level 6. HP: 45/53 MP: 5/5
  2646 | D:3      | Found an ornate altar of the Wu Jian Council.
  2815 | D:4      | Found a staircase to the Ecumenical Temple.
  2854 | D:4      | Found Viarr's Assorted Antiques.
  2958 | D:4      | Found an iron altar of Okawaru.
  2973 | D:4      | Reached skill level 6 in Axes
  3107 | D:4      | Reached XP level 7. HP: 60/60 MP: 6/6
  3291 | D:5      | Entered Level 5 of the Dungeon
  3302 | D:5      | Reached skill level 7 in Axes
  3335 | D:5      | Reached skill level 5 in Fighting
  3640 | D:5      | Reached skill level 8 in Axes
  3649 | D:5      | Reached XP level 8. HP: 68/68 MP: 7/7
  4112 | D:6      | Reached skill level 9 in Axes
  4315 | D:6      | Found a glowing silver altar of Zin.
  4323 | D:6      | Noticed a two-headed ogre
  4353 | D:6      | Found an ancient bone altar of Kikubaaqudgha.
  4382 | D:5      | HP: 1/68 [something (5)]
  4385 | D:5      | Slain by a sky beast

Illustrated notes

Levels and vault maps discovered:
D:1:      dpeg_arrival_central, layout_basic,
          hellmonk_ecumenical_altar_slurped_away
D:2:      layout_basic, serial_shops, nicolae_shop_crystal, shop,
          minmay_pentomino_x4
D:3:      layout_loops_ring, nzn_wu_jian_contemplation, uniq_jessica,
          uniq_grinder
D:4:      layout_loops_cross, mainiacjoe_overflow_surrounded_room,
          minmay_temple_entry_statues_fountains, serial_shops,
          nicolae_diamond_shop
D:5:      layout_loops_ring
D:6:      layout_cave_pods, kiku_gazebo_garden_becter, nicolae_overflow_squiral

Skill      XL: |  1  2  3  4  5  6  7  8 |
---------------+-------------------------+-----
Axes           | 3 5 6 8 9 |  9.7
Fighting       | 4 5 |  5.3
Shields        | 4 |  4.9
Armour         | 4 5 6 |  6.8
Dodging        | |  0.4
Stealth        | |  0.3

Action                   |  1- 3 |  4- 6 |  7- 9 || total
-------------------------+-------+-------+-------++-------
Melee: War axe           |    63 |    62 |    66 ||   191
       Headbutt          |    13 |    10 |     6 ||    29
  Use: Scroll            |     8 |     3 |       ||    11
       Potion            |     3 |       |       ||     3
Armor: Scale mail        |    21 |       |       ||    21
       Plate armour      |     7 |    26 |    33 ||    66
Dodge: Dodged            |    21 |    20 |    15 ||    56
Block: Buckler           |     9 |    11 |     8 ||    28
